[Event "WJCC U20 Girls 2019"]
[Site "New Delhi"]
[Date "2019.10.17"]
[Round "4.46"]
[White "Rathi Dhanashree"]
[Black "Reid, Caitlin"]
[Result "0-1"]
[ECO "A83"]
[WhiteElo "1692"]
[BlackElo "1489"]
[Annotator "NA"]
[PlyCount "59"]
[EventDate "2019.10.15"]
[EventType "swiss"]
[EventCountry "IND"]
[SourceTitle "playchess.com"]
[Source "ChessBase"]
[SourceQuality "1"]
[TimeControl "40/5400+30:1800+30"]

1. d4 f5 2. e4 fxe4 3. Nc3 Nf6 4. Bg5 d5 5. Bxf6 exf6 6. Qh5+ g6 7. Qxd5 Nc6 8. Qxe4+ Be7 9. Bb5 Bf5 10. Bxc6+ bxc6 11. Qxc6+ Kf8 12. O-O-O Rb8 13. Qd5 Bd6 14. Nge2 Kg7 15. Rhe1 Re8 16. Ng3 Bg4 17. f3 Bd7 18. Rxe8 Qxe8 19. Nce4 Be6 20. Nxd6 cxd6 21. Qxd6 Bxa2 22. b3 Qe3+ 23. Kb2 Rb6 24. Qc7+ Kh6 25. Kxa2 Qf2 26. Qf4+ g5 27. Qd2 Qxd2 28. Rxd2 a5 29. d5 Rd6 30. Nf5+ 0-1

[Event "WJCC U20 Girls 2019"]
[Site "New Delhi"]
[Date "2019.10.17"]
[Round "4.47"]
[White "Yaakub, Nov Genevia Pslam"]
[Black "Lohani, Sujana"]
[Result "0-1"]
[ECO "B00"]
[WhiteElo "1316"]
[BlackElo "1671"]
[Annotator "NA"]
[PlyCount "86"]
[EventDate "2019.10.15"]
[EventType "swiss"]
[EventCountry "IND"]
[SourceTitle "playchess.com"]
[Source "ChessBase"]
[SourceQuality "1"]
[TimeControl "40/5400+30:1800+30"]

1. e4 d6 2. Nf3 Nf6 3. Nc3 g6 4. Bc4 Bg7 5. d3 O-O 6. h3 c5 7. O-O Nc6 8. d4 cxd4 9. Nxd4 Qb6 10. Nb3 a6 11. Be3 Qc7 12. Be2 b5 13. a3 Be6 14. Nd4 Nxd4 15. Bxd4 Rfc8 16. f4 Bc4 17. e5 Ne8 18. exd6 Bxd4+ 19. Qxd4 Nxd6 20. Bxc4 Nxc4 21. Nd5 Qa7 22. Qxa7 Rxa7 23. b3 Nd2 24. Rf2 Ne4 25. Re2 f5 26. g4 e6 27. Nb4 Kf7 28. Kg2 a5 29. Nd3 Rac7 30. Ne5+ Ke7 31. Rc1 Rc3 32. Kh2 Rxb3 33. cxb3 Rxc1 34. Re3 a4 35. bxa4 bxa4 36. Rd3 Rc2+ 37. Kg1 Rc7 38. Rd4 Nc3 39. Rd3 Ne2+ 40. Kf2 Nxf4 41. Rd4 Nxh3+ 42. Kg3 Ng5 43. Rxa4 Ke8 0-1

[Event "WJCC U20 Girls 2019"]
[Site "New Delhi"]
[Date "2019.10.18"]
[Round "5.1"]
[White "Assaubayeva, Bibisara"]
[Black "Altantuya, Boldbaatar"]
[Result "1/2-1/2"]
[ECO "E18"]
[WhiteElo "2381"]
[BlackElo "2277"]
[Annotator "NA"]
[PlyCount "169"]
[EventDate "2019.10.15"]
[EventType "swiss"]
[EventCountry "IND"]
[SourceTitle "playchess.com"]
[Source "ChessBase"]
[SourceQuality "1"]
[TimeControl "40/5400+30:1800+30"]

1. d4 Nf6 2. c4 e6 3. Nf3 b6 4. g3 Bb7 5. Bg2 Be7 6. O-O O-O 7. Nc3 Ne4 8. Bd2 d5 9. cxd5 exd5 10. Rc1 Nd7 11. Bf4 c5 12. dxc5 Nxc3 13. Rxc3 bxc5 14. Ne1 Nb6 15. Rd3 $15 Qc8 16. Nc2 d4 17. Bxb7 Qxb7 18. Bc1 a5 19. e3 dxe3 20. Nxe3 Rfd8 21. Re1 Bf6 22. Nf5 Rxd3 23. Qxd3 Qd7 24. Qc2 Qc6 25. Be3 Nd7 26. Bd4 h6 27. Bc3 Kh8 28. Qd2 Bxc3 29. bxc3 Nf8 30. Nd6 Kg8 31. Qf4 Qd7 32. Nf5 Ng6 33. Qg4 Rd8 34. h4 Qd2 35. Rf1 h5 36. Qxh5 Qxc3 37. Qg5 Qf6 38. Nh6+ Kf8 39. Qxc5+ Qe7 40. Qxe7+ Nxe7 41. Ng4 f6 42. Ne3 Rd2 43. Ra1 Nc6 44. Rc1 Ne5 45. Rc2 Rd3 46. Kf1 g6 47. Ke2 Rd6 48. Rc5 Nc6 49. Rd5 Re6 50. Kd2 Ke7 51. Rb5 Re4 52. Nd5+ Ke6 53. Nf4+ Kf7 54. Rb7+ Ne7 55. Kc3 Re5 56. a4 Rc5+ 57. Kd4 Re5 58. Kd3 g5 59. hxg5 Rxg5 60. Rb5 Nc6 61. Rb7+ Ke8 62. Rc7 Ne5+ 63. Ke4 Nd7 64. Kd4 Nb6 65. Rc6 Nxa4 66. Rxf6 Nb2 67. Ne2 Ke7 68. Rb6 Na4 69. Rb1 Kd6 70. f4 Rd5+ 71. Ke3 Nc5 72. Nd4 Rh5 73. f5 Rh3 74. Kf4 Nd3+ 75. Kg4 Rh8 76. Rb5 Rg8+ 77. Kf3 Ne5+ 78. Kg2 a4 79. Nc2 Nc4 80. Nb4 Ke7 81. Rc5 Nd2 82. g4 Kf6 83. Re5 Kg5 84. Re6 a3 85. Nd5 1/2-1/2

[Event "WJCC U20 Girls 2019"]
[Site "New Delhi"]
[Date "2019.10.18"]
[Round "5.4"]
[White "Yakubbaeva, Nilufar"]
[Black "Tsolakidou, Stavroula"]
[Result "0-1"]
[ECO "B22"]
[WhiteElo "2281"]
[BlackElo "2431"]
[Annotator "NA"]
[PlyCount "94"]
[EventDate "2019.10.15"]
[EventType "swiss"]
[EventCountry "IND"]
[SourceTitle "playchess.com"]
[Source "ChessBase"]
[SourceQuality "1"]
[TimeControl "40/5400+30:1800+30"]

1. e4 c5 2. c3 d5 3. exd5 Qxd5 4. d4 Nf6 5. Nf3 e6 6. Be2 cxd4 7. cxd4 Be7 8. Nc3 Qd6 9. O-O O-O 10. Bg5 Nc6 11. Nb5 Qd8 12. Ne5 Bd7 13. Rc1 Be8 14. Bd3 Qb6 15. Rc3 h6 16. Bxh6 gxh6 17. Ng4 Nb4 18. Nxh6+ Kg7 19. Nc7 Rd8 20. Bb1 Rh8 21. Rg3+ Kf8 22. Qc1 Nh5 23. Rh3 Rc8 24. Rc3 Rd8 25. Rh3 Rc8 26. Rc3 Rd8 27. Rh3 Nf6 28. Rg3 Rxd4 29. Rh3 Qc5 30. Nxf7 Qxc1 31. Rxh8+ Kxf7 32. Rxc1 Bc6 33. a3 Nbd5 34. Nxd5 Bxd5 35. Rh3 Rd2 36. b4 Bd8 37. Rd3 Rb2 38. Rdc3 Rd2 39. Rd3 Re2 40. Kf1 Re5 41. Re3 Rh5 42. Rh3 Rxh3 43. gxh3 a5 44. Bd3 axb4 45. axb4 Be7 46. b5 Bd6 47. Bc4 Be4 0-1

[Event "WJCC U20 Girls 2019"]
[Site "New Delhi"]
[Date "2019.10.18"]
[Round "5.5"]
[White "Diakonova, Ekaterina"]
[Black "Shuvalova, Polina"]
[Result "0-1"]
[ECO "B32"]
[WhiteElo "2231"]
[BlackElo "2412"]
[Annotator "NA"]
[PlyCount "230"]
[EventDate "2019.10.15"]
[EventType "swiss"]
[EventCountry "IND"]
[SourceTitle "playchess.com"]
[Source "ChessBase"]
[SourceQuality "1"]
[TimeControl "40/5400+30:1800+30"]

1. e4 c5 2. Nf3 Nc6 3. d4 cxd4 4. Nxd4 e5 5. Nb5 d6 6. N1c3 a6 7. Na3 Be7 8. Nc4 b5 9. Ne3 Nf6 10. Ned5 Be6 11. Be3 O-O 12. Be2 Rc8 13. O-O Bxd5 14. exd5 Nb8 15. a4 b4 16. Na2 a5 17. c3 bxc3 18. Nxc3 Nbd7 19. Bb5 h6 20. Qe2 Nc5 21. Bc6 Nfd7 22. f3 Bg5 23. Bf2 Nb8 24. Bb5 f5 25. Ra3 Bh4 26. g3 Bf6 27. Rb1 Nbd7 28. b4 axb4 29. Rxb4 e4 30. f4 Qa5 31. Na2 Kh8 32. Be1 Qc7 33. a5 Nd3 34. Bxd3 exd3 35. Qxd3 Nc5 36. Qd1 Rfe8 37. Bf2 Ra8 38. Rb5 Ne4 39. Bb6 Qd7 40. Rb1 Reb8 41. Qd3 $11 (41. Kg2 $14) 41... Nc5 42. Qc2 Qf7 43. Nc3 Bd4+ 44. Kg2 Bxc3 45. Qxc3 Qxd5+ 46. Qf3 Ne4 47. Rd1 Qc6 48. Rad3 Rxb6 49. axb6 Qxb6 50. R3d2 Rc8 51. Qd3 Rc3 52. Qd4 Qc6 53. Qd5 Nxd2 54. Rxd2 g6 55. Qxc6 Rxc6 56. Kf3 Kg7 57. Ke3 Kf6 58. Kd4 Rc5 59. Re2 g5 60. fxg5+ hxg5 61. Re8 Rc2 62. Rf8+ Ke6 63. Rg8 Kf6 64. Rf8+ Kg6 65. Rh8 Rd2+ 66. Ke3 Ra2 67. Rd8 Ra6 68. Rf8 g4 69. Kd4 Ra2 70. Rh8 Kg7 71. Rh5 Kg6 72. Rh8 Rd2+ 73. Ke3 Rg2 74. Kf4 Rf2+ 75. Ke3 Rb2 76. Kd4 Kg7 77. Rh5 Kf6 78. Rh6+ Kg5 79. Rh8 Rd2+ 80. Ke3 Rd1 81. Ke2 Ra1 82. Ke3 Re1+ 83. Kd4 Rd1+ 84. Ke3 Kf6 85. Ke2 Rh1 86. Ke3 Rd1 87. Ke2 Ra1 88. Ke3 Ke5 89. Re8+ Kd5 90. Rf8 Ra3+ 91. Ke2 Ke4 92. Re8+ Kd4 93. Rf8 Ra2+ 94. Ke1 Ke4 95. Rh8 d5 96. h3 gxh3 97. Rxh3 d4 98. Kd1 Rg2 99. Ke1 d3 100. Rh8 Rxg3 101. Re8+ Kf3 102. Kd2 Kf2 103. Rf8 Rf3 104. Rf7 f4 105. Rf8 Kg2 106. Rg8+ Rg3 107. Rf8 f3 108. Kxd3 Rg7 109. Ke3 Re7+ 110. Kf4 f2 111. Rg8+ Kf1 112. Ra8 Rf7+ 113. Ke3 Kg2 114. Rg8+ Kh3 115. Rh8+ Kg4 0-1

[Event "WJCC U20 Girls 2019"]
[Site "New Delhi"]
[Date "2019.10.18"]
[Round "5.6"]
[White "Vaishali R"]
[Black "Vantika Agrawal"]
[Result "1-0"]
[ECO "A45"]
[WhiteElo "2385"]
[BlackElo "2283"]
[Annotator "NA"]
[PlyCount "97"]
[EventDate "2019.10.15"]
[EventType "swiss"]
[EventCountry "IND"]
[SourceTitle "playchess.com"]
[Source "ChessBase"]
[SourceQuality "1"]
[TimeControl "40/5400+30:1800+30"]

1. d4 Nf6 2. Bf4 g6 3. Nc3 d5 4. e3 Bg7 5. h4 h5 6. Nf3 Bg4 7. Be2 Bxf3 8. gxf3 c6 9. e4 e6 10. Qd2 a6 11. O-O-O Nbd7 12. Kb1 b5 13. Bd3 Nb6 14. Bg5 Qc7 15. Ne2 Nc4 16. Qe1 Nh7 17. Bc1 Qa5 18. Qg1 O-O-O 19. Qg3 Rd7 20. e5 c5 21. f4 Bf8 22. Rhg1 Qb6 23. c3 Be7 24. f5 exf5 25. Nf4 cxd4 26. cxd4 Nf8 27. Qf3 Qc6 28. b3 Na3+ 29. Bxa3 Bxa3 30. Rc1 Bxc1 31. Rxc1 Qxc1+ 32. Kxc1 Ne6 33. Nxe6 fxe6 34. Qg3 Rg8 35. Qg5 Rf7 36. Kd2 Kb7 37. Be2 Rgg7 38. Qd8 Rc7 39. Qe8 Rce7 40. Qd8 Rc7 41. Qf8 Rce7 $18 42. Qf6 Kc7 43. Ke3 Kd7 44. Qf8 Kc7 45. Qa8 Kb6 46. Qb8+ Ka5 47. Qd6 Rgf7 48. b4+ Ka4 49. Qxa6+ 1-0

[Event "WJCC U20 Girls 2019"]
[Site "New Delhi"]
[Date "2019.10.18"]
[Round "5.7"]
[White "Divya Deshmukh"]
[Black "Mrudul Dehankar"]
[Result "1-0"]
[ECO "B14"]
[WhiteElo "2358"]
[BlackElo "2227"]
[Annotator "NA"]
[PlyCount "195"]
[EventDate "2019.10.15"]
[EventType "swiss"]
[EventCountry "IND"]
[SourceTitle "playchess.com"]
[Source "ChessBase"]
[SourceQuality "1"]
[TimeControl "40/5400+30:1800+30"]

1. e4 c6 2. d4 d5 3. exd5 cxd5 4. c4 Nf6 5. Nc3 g6 6. Nf3 Bg7 7. c5 Nc6 8. Bb5 O-O 9. Bxc6 bxc6 10. Ne5 Qc7 11. Qa4 $11 Bb7 12. O-O Nd7 13. Nxd7 Qxd7 14. Be3 e5 15. dxe5 Bxe5 16. Bd4 Bc7 17. Rfe1 Rfe8 18. g3 a5 19. Qc2 Re6 20. Qd2 Rae8 21. Kg2 Bc8 22. f3 f6 23. Bf2 Rxe1 24. Rxe1 Qh3+ 25. Kg1 Rxe1+ 26. Qxe1 Kf7 27. Ne2 Ba6 28. Nd4 Qd7 29. a4 Bd8 30. Be3 Bc8 31. Bd2 Be7 32. Nb3 Ba6 33. Be3 Qf5 34. Nd4 Qd3 35. Nxc6 Bf8 36. Nd8+ Kg8 37. Ne6 d4 38. Bxd4 Qxf3 39. Nf4 Bc4 40. Ng2 Qd5 41. Qe3 g5 42. h4 h6 43. Qf2 Be7 44. Kh2 Kf7 45. Bc3 Qxc5 46. Qc2 Kg7 47. Bxa5 Bd5 48. Bc3 Bc6 49. h5 Qd5 50. Qg6+ Kf8 51. Qxh6+ Ke8 52. Qg6+ Kf8 53. Qc2 g4 54. h6 Qh5+ 55. Nh4 Qd5 56. Qc1 Kg8 57. Qb1 f5 58. h7+ Kxh7 59. Qxf5+ Qxf5 60. Nxf5 Bc5 61. b4 Bxb4 62. Bxb4 Bxa4 63. Be7 Bc6 64. Kg1 Kg6 65. Nd4 Bd7 66. Kf2 Kf7 67. Bh4 Kg6 68. Ke3 Kf7 69. Kf4 Kg6 70. Nb3 Be6 71. Nc5 Bc8 72. Ne4 Bb7 73. Nf6 Bf3 74. Nxg4 Bd1 75. Ne5+ Kg7 76. Nf3 Bb3 77. g4 Bc2 78. Ne5 Bb1 79. Bd8 Bc2 80. g5 Bb1 81. Bf6+ Kh7 82. Nf3 Bc2 83. Nh4 Bb1 84. Ke5 Bc2 85. Kd6 Bd3 86. Ng2 Bb1 87. Nf4 Bc2 88. Ke7 Bb1 89. Be5 Bc2 90. Kf6 Bb1 91. Nh5 Bc2 92. Ng7 Bg6 93. Bd4 Bc2 94. Nf5 Bb3 95. g6+ Kg8 96. Bc5 Ba2 97. Nh6+ Kh8 98. Bd4 1-0

[Event "WJCC U20 Girls 2019"]
[Site "New Delhi"]
[Date "2019.10.18"]
[Round "5.8"]
[White "Olde, Margareth"]
[Black "Berdnyk, Mariia"]
[Result "1/2-1/2"]
[ECO "D70"]
[WhiteElo "2205"]
[BlackElo "2349"]
[Annotator "NA"]
[PlyCount "139"]
[EventDate "2019.10.15"]
[EventType "swiss"]
[EventCountry "IND"]
[SourceTitle "playchess.com"]
[Source "ChessBase"]
[SourceQuality "1"]
[TimeControl "40/5400+30:1800+30"]

1. d4 Nf6 2. c4 g6 3. Nf3 Bg7 4. Nc3 O-O 5. e4 d6 6. h3 e5 7. d5 a5 8. g4 Na6 9. Be3 Nd7 10. a3 Nb6 11. Rg1 Bd7 12. h4 Nc5 13. b3 a4 14. b4 Nb3 15. Rb1 c5 16. bxc5 Nc8 17. Nb5 $17 (17. Nd2 $14) 17... dxc5 18. Bd3 Bxb5 19. cxb5 Nd6 20. Nd2 c4 21. Nxc4 Nxb5 22. Rb2 N5d4 23. Bxd4 exd4 24. Nd2 Nc5 25. Nf3 Re8 26. Re2 Qa5+ 27. Kf1 Qc3 28. Ne1 Qxa3 29. f4 Qb3 30. Qxb3 Nxb3 31. e5 a3 32. Ra2 Nc1 33. Ra1 a2 34. Rg2 Rec8 35. d6 Rc3 36. Rd2 Kf8 37. Bc2 b5 38. Rd1 b4 39. Rdxc1 b3 40. Bxb3 Rxc1 41. Rxc1 a1=Q 42. Rxa1 Rxa1 43. Kf2 Ra3 44. Bc4 Ra4 45. Bd3 Ra5 46. g5 Bxe5 47. fxe5 Rxe5 48. Nc2 Rd5 49. Kf3 f6 50. gxf6 Rxd6 51. Ke4 Rxf6 52. Nxd4 Kg7 53. Ne2 Rf2 54. Nd4 Kh6 55. Nf3 Kh5 56. Kf4 Rg2 57. Bb5 Rg4+ 58. Ke3 Rb4 59. Bd7 Kh6 60. Kf2 Kg7 61. Kg3 Kf6 62. Bc8 Ke7 63. Bg4 h5 64. Bc8 Kd6 65. Bh3 Kd5 66. Bd7 Ke4 67. Ng5+ Ke3 68. Be8 Rb6 69. Bf7 Rf6 70. Be8 1/2-1/2

[Event "WJCC U20 Girls 2019"]
[Site "New Delhi"]
[Date "2019.10.18"]
[Round "5.9"]
[White "Antova, Gabriela"]
[Black "Afraoui, Anaelle"]
[Result "1/2-1/2"]
[ECO "E69"]
[WhiteElo "2318"]
[BlackElo "2106"]
[Annotator "NA"]
[PlyCount "108"]
[EventDate "2019.10.15"]
[EventType "swiss"]
[EventCountry "IND"]
[SourceTitle "playchess.com"]
[Source "ChessBase"]
[SourceQuality "1"]
[TimeControl "40/5400+30:1800+30"]

1. d4 Nf6 2. c4 d6 3. Nf3 g6 4. g3 Bg7 5. Bg2 O-O 6. O-O c6 7. Nc3 Nbd7 8. e4 e5 9. h3 Qb6 10. Re1 exd4 11. Nxd4 Re8 12. Nc2 Ne5 13. b3 Be6 14. Na4 Qc7 15. Nd4 Rad8 16. Qc2 Bc8 17. Be3 Ned7 18. Rad1 Nf8 19. b4 Qe7 20. Nc3 Ne6 21. Nde2 Nd7 22. Bxa7 Ne5 23. Bb6 Ng5 24. Bxd8 Ngf3+ 25. Kh1 Rxd8 26. Nb1 Nxe1 27. Rxe1 Be6 28. Nd2 f5 29. Nd4 Bc8 30. exf5 Qf7 31. f4 Nd7 32. fxg6 hxg6 33. N2f3 Nb6 34. Ng5 Qf6 35. Ndf3 Bf5 36. Qe2 Ra8 37. Nh4 Bd7 38. c5 dxc5 39. bxc5 Nd5 40. Qc2 Qc3 41. Qxc3 Bxc3 42. Rc1 Bb2 43. Rd1 Kg7 44. Be4 Rxa2 45. Nxg6 Bf6 46. h4 Bg4 47. Rb1 Bc8 48. Ne5 Nc3 49. Re1 Ne2 50. g4 Ng3+ 51. Kg1 Ne2+ 52. Kf1 Ng3+ 53. Kg1 Ne2+ 54. Kf1 Ng3+ 1/2-1/2

[Event "WJCC U20 Girls 2019"]
[Site "New Delhi"]
[Date "2019.10.18"]
[Round "5.10"]
[White "Katkov, Michelle"]
[Black "Solozhenkina, Elizaveta"]
[Result "0-1"]
[ECO "B22"]
[WhiteElo "2106"]
[BlackElo "2283"]
[Annotator "NA"]
[PlyCount "96"]
[EventDate "2019.10.15"]
[EventType "swiss"]
[EventCountry "IND"]
[SourceTitle "playchess.com"]
[Source "ChessBase"]
[SourceQuality "1"]
[TimeControl "40/5400+30:1800+30"]

1. e4 c5 2. c3 d5 3. exd5 Qxd5 4. d4 Nf6 5. Nf3 e6 6. Bd3 Nc6 7. O-O Be7 8. Be3 cxd4 9. cxd4 O-O 10. Nc3 Qd6 11. Rc1 Nb4 $11 12. Bb1 b6 13. Nb5 Qd8 14. a3 Ba6 15. Nc7 Bxf1 16. Nxa8 Bxg2 17. Kxg2 Nbd5 18. Nxb6 Qxb6 19. Qc2 Qb7 20. Bg5 g6 21. Bxf6 Nf4+ 22. Kg3 Nh5+ 23. Kg2 Bxf6 24. b4 Nf4+ 25. Kg3 Qb8 26. Rd1 Rd8 27. Qd2 Bxd4 28. Qxf4 Bxf2+ 29. Kxf2 Qxf4 30. Rd3 Rd7 31. Rxd7 Kg7 32. Rd1 g5 33. Rd4 Qc1 34. Bd3 h5 35. h3 Qxa3 36. b5 Qc5 37. Kg3 Kf6 38. Rd7 Qe3 39. Rd4 Ke7 40. Bf1 e5 41. Rd3 Qf4+ 42. Kf2 g4 43. hxg4 hxg4 44. Ra3 e4 45. Rxa7+ Kf6 46. Ra6+ Kg7 47. b6 exf3 48. b7 g3+ 0-1

[Event "WJCC U20 Girls 2019"]
[Site "New Delhi"]
[Date "2019.10.18"]
[Round "5.11"]
[White "Toshali, V."]
[Black "Zhu, Jiner"]
[Result "1-0"]
[ECO "A48"]
[WhiteElo "1868"]
[BlackElo "2507"]
[Annotator "ChessBase"]
[PlyCount "55"]
[EventDate "2019.10.15"]
[EventType "swiss"]
[EventCountry "IND"]
[SourceTitle "playchess.com"]
[Source "ChessBase"]
[SourceQuality "1"]
[TimeControl "40/5400+30:1800+30"]

1. d4 Nf6 2. Nf3 g6 3. Bg5 Bg7 4. Nbd2 O-O 5. c3 d6 6. e4 Qe8 7. e5 dxe5 8. dxe5 Nfd7 9. e6 fxe6 10. Bc4 Nb6 11. Bb3 Nc6 12. Qe2 Nd5 13. O-O Kh8 14. Nc4 Bd7 15. Rfe1 Rd8 16. Bc2 Nf4 17. Qe4 Nd5 18. Qe2 Nf4 19. Qe4 Qf7 20. Nce5 Nxe5 21. Nxe5 Bxe5 22. Qxe5+ Kg8 23. Be4 Bc8 24. Bh6 Rd2 25. Bxf8 Qxf8 26. Re3 Ne2+ 27. Kh1 Qxf2 28. Bf3 1-0

[Event "WJCC U20 Girls 2019"]
[Site "New Delhi"]
[Date "2019.10.18"]
[Round "5.14"]
[White "Song, Yuxin"]
[Black "Avetisyan, Mariam"]
[Result "1/2-1/2"]
[ECO "A46"]
[WhiteElo "2292"]
[BlackElo "2110"]
[Annotator "RC"]
[PlyCount "66"]
[EventDate "2019.10.15"]
[EventType "swiss"]
[EventCountry "IND"]
[SourceTitle "playchess.com"]
[Source "ChessBase"]
[SourceQuality "1"]
[TimeControl "40/5400+30:1800+30"]

1. d4 Nf6 2. Nf3 e6 3. Bf4 d5 4. e3 Be7 5. Nbd2 Nbd7 6. Ne5 c5 7. c3 a6 8. a4 Nxe5 9. Bxe5 Bd7 10. dxc5 Bxc5 11. b4 Be7 12. Bd3 O-O 13. O-O Rc8 14. h3 Be8 15. Qb3 Bd6 16. Bxd6 Qxd6 17. Rfd1 Qe5 18. Rdc1 Bd7 19. b5 axb5 20. Bxb5 Bxb5 21. Qxb5 Rc7 22. c4 Rfc8 23. Rd1 Rc5 24. Qxb7 dxc4 25. a5 R5c7 26. Nf3 Qc5 27. Qb6 Qxb6 28. axb6 Rb7 29. Rdc1 g6 30. Ne5 c3 31. Ra3 Rxb6 32. Raxc3 Rxc3 33. Rxc3 Rb1+ 1/2-1/2

[Event "WJCC U20 Girls 2019"]
[Site "New Delhi"]
[Date "2019.10.18"]
[Round "5.15"]
[White "Priyanka, Kumari"]
[Black "Obregon Garcia, Roxangel"]
[Result "1/2-1/2"]
[ECO "B58"]
[WhiteElo "1921"]
[BlackElo "2267"]
[Annotator "NA"]
[PlyCount "113"]
[EventDate "2019.10.15"]
[EventType "swiss"]
[EventCountry "IND"]
[SourceTitle "playchess.com"]
[Source "ChessBase"]
[SourceQuality "1"]
[TimeControl "40/5400+30:1800+30"]

1. e4 c5 2. Nf3 Nc6 3. d4 cxd4 4. Nxd4 Nf6 5. Nc3 d6 6. Be2 e5 7. Nf3 h6 8. O-O Be7 9. Re1 O-O 10. Bc4 Be6 11. Nd5 Rc8 12. c3 Nb8 13. Nxf6+ Bxf6 14. Bd5 Nc6 15. Be3 Bg4 16. h3 Bh5 17. g4 Bg6 18. Qd3 Qd7 19. Rad1 Rfd8 20. Nh2 b6 21. Qb5 Ne7 22. Qxd7 Rxd7 23. f3 Nxd5 24. Rxd5 Be7 25. Red1 f6 26. R5d3 Bf7 27. b3 b5 28. Nf1 a5 29. Bf2 a4 30. Rb1 axb3 31. axb3 Rdc7 32. Be1 d5 33. Ng3 Bc5+ 34. Kg2 d4 35. Ne2 dxc3 36. Rxc3 b4 37. Rd3 Bf8 38. Rbd1 Rc2 39. R1d2 Rxd2 40. Bxd2 Be6 41. Kf1 h5 42. gxh5 Bxh3+ 43. Ke1 Be6 44. f4 exf4 45. Nxf4 Bf7 46. Kf2 Bc5+ 47. Be3 Kh7 48. Bxc5 Rxc5 49. Rd4 Rc2+ 50. Kg1 Rb2 51. Rxb4 Rxb3 52. Rxb3 Bxb3 53. Kf2 Kh6 54. Kg3 Bd1 55. Ne6 Bxh5 56. Kf4 Bf7 57. Nxg7 1/2-1/2

[Event "WJCC U20 Girls 2019"]
[Site "New Delhi"]
[Date "2019.10.18"]
[Round "5.17"]
[White "Zhang, Xiao"]
[Black "Salimova, Nurgyul"]
[Result "1/2-1/2"]
[ECO "D86"]
[WhiteElo "2053"]
[BlackElo "2415"]
[Annotator "NA"]
[PlyCount "48"]
[EventDate "2019.10.15"]
[EventType "swiss"]
[EventCountry "IND"]
[SourceTitle "playchess.com"]
[Source "ChessBase"]
[SourceQuality "1"]
[TimeControl "40/5400+30:1800+30"]

1. d4 Nf6 2. c4 g6 3. Nc3 d5 4. cxd5 Nxd5 5. e4 Nxc3 6. bxc3 Bg7 7. Bc4 c5 8. Ne2 O-O 9. Be3 Nc6 10. Rc1 b6 11. O-O Qc7 12. Qa4 Bb7 13. Rfd1 Na5 14. Bd3 Rfd8 15. d5 e6 (15... c4 $5 16. Bc2 e6 $11) 16. Bg5 Bc8 $18 (16... c4 $11 17. Bxd8 Rxd8) 17. Bh4 f6 18. c4 e5 19. Nc3 Bd7 20. Qc2 Nb7 21. a4 Nd6 22. Ra1 a5 23. Rab1 Re8 24. Rb3 Rec8 1/2-1/2

[Event "WJCC U20 Girls 2019"]
[Site "New Delhi"]
[Date "2019.10.18"]
[Round "5.19"]
[White "Bakshi, Rutuja"]
[Black "Munkhzul, Turmunkh"]
[Result "0-1"]
[ECO "E16"]
[WhiteElo "2029"]
[BlackElo "2332"]
[Annotator "NA"]
[PlyCount "113"]
[EventDate "2019.10.15"]
[EventType "swiss"]
[EventCountry "IND"]
[SourceTitle "playchess.com"]
[Source "ChessBase"]
[SourceQuality "1"]
[TimeControl "40/5400+30:1800+30"]

1. Nf3 Nf6 2. c4 e6 3. d4 b6 4. g3 Bb7 5. Bg2 Bb4+ 6. Bd2 Bxd2+ 7. Nbxd2 O-O 8. Qc2 d6 9. O-O Nbd7 10. Rad1 Qe7 11. e4 e5 12. Rfe1 a5 13. b3 Rfe8 14. h3 Nf8 15. Qc3 Ng6 16. Nh2 exd4 17. Qxd4 Qe5 18. Qd3 Qc5 19. Nhf1 Ne5 20. Qb1 Nc6 21. Ne3 Nd4 22. Qd3 Nc6 23. Qb1 Nb4 24. Nd5 Nbxd5 25. cxd5 b5 26. Nf3 Rad8 27. Qd3 Qb6 28. Nd4 b4 29. Bf1 Re7 30. Re3 Rde8 31. Bg2 Nd7 32. Rde1 Nc5 33. Qd1 f6 34. Kh2 Bc8 35. Qd2 Bd7 36. f4 Ra8 37. f5 Bb5 38. g4 Nd7 39. Rg3 h6 40. h4 Kf7 41. Ne6 Rh8 42. Bf3 c5 43. Kg2 Ree8 44. g5 hxg5 45. hxg5 Reg8 46. Rh1 Rxh1 47. Kxh1 Qb8 48. Bh5+ Ke7 49. Qg2 g6 50. gxf6+ Nxf6 51. Bxg6 Rh8+ 52. Rh3 Bd3 53. Ng5 c4 54. bxc4 b3 55. axb3 Rh7 56. Rh6 Rxh6+ 57. Qh3 0-1

[Event "WJCC U20 Girls 2019"]
[Site "New Delhi"]
[Date "2019.10.18"]
[Round "5.21"]
[White "Savitha Shri B"]
[Black "Kiolbasa, Oliwia"]
[Result "0-1"]
[ECO "B18"]
[WhiteElo "1916"]
[BlackElo "2223"]
[Annotator "NA"]
[PlyCount "118"]
[EventDate "2019.10.15"]
[EventType "swiss"]
[EventCountry "IND"]
[SourceTitle "playchess.com"]
[Source "ChessBase"]
[SourceQuality "1"]
[TimeControl "40/5400+30:1800+30"]

1. e4 c6 2. d4 d5 3. Nc3 dxe4 4. Nxe4 Bf5 5. Ng3 Bg6 6. h4 h6 7. Nf3 e6 8. Ne5 Bh7 9. c3 Nd7 10. Nxd7 Qxd7 11. Bd3 Bxd3 12. Qxd3 Nf6 13. Be3 Be7 14. O-O-O O-O-O 15. Kb1 Kb8 16. c4 c5 17. Qc3 cxd4 18. Bxd4 Qc6 19. f3 b6 20. Rhe1 Rd7 21. Ne2 Rhd8 22. Be5+ Ka8 23. Nd4 Qb7 24. Qb3 Ne8 25. Nb5 Bxh4 26. Rxd7 Qxd7 27. Rc1 Qd3+ 28. Qxd3 Rxd3 29. c5 bxc5 30. Rxc5 Rd5 31. Rxd5 exd5 32. Nc3 Bf6 33. Bxf6 Nxf6 34. Nb5 Ne8 35. Kc2 Kb7 36. Kd3 a6 37. Nd4 Nd6 38. Nc2 Nf5 39. g4 Ne7 40. Kd4 Kb6 41. b4 Kc6 42. a4 Kd6 43. b5 axb5 44. axb5 g6 45. Ne3 h5 46. Ng2 f6 47. gxh5 Nf5+ 48. Kc3 gxh5 49. Nf4 h4 50. Kb4 Nd4 51. Ka5 Nxf3 52. b6 Ne5 53. b7 Nd7 54. Kb5 f5 55. Nd3 Kc7 56. Ka6 h3 57. Ka7 h2 58. Nb4 h1=Q 59. Nxd5+ Kd6 0-1

[Event "WJCC U20 Girls 2019"]
[Site "New Delhi"]
[Date "2019.10.18"]
[Round "5.22"]
[White "Onur, Cigdem"]
[Black "Ulziikhishigjargal, Ochirkhuyag"]
[Result "1-0"]
[ECO "C49"]
[WhiteElo "1913"]
[BlackElo "2194"]
[Annotator "NA"]
[PlyCount "132"]
[EventDate "2019.10.15"]
[EventType "swiss"]
[EventCountry "IND"]
[SourceTitle "playchess.com"]
[Source "ChessBase"]
[SourceQuality "1"]
[TimeControl "40/5400+30:1800+30"]

1. e4 e5 2. Nf3 Nc6 3. Nc3 Nf6 4. Bb5 Bb4 5. O-O O-O 6. d3 Bxc3 7. bxc3 d6 8. Bg5 Qe7 9. Re1 Nd8 10. d4 Ne6 11. Bc1 c6 12. Bf1 Rd8 13. g3 Nf8 14. Nh4 h6 15. Qe2 Re8 16. Bg2 Be6 17. a4 b6 18. Ba3 c5 19. Bb2 Qc7 20. d5 Bd7 21. c4 g5 22. Nf5 Bxf5 23. exf5 Qd7 24. g4 Reb8 25. Reb1 a6 26. Bc1 N8h7 27. Ra3 Ra7 28. h3 Rab7 29. Bf1 Ne8 30. f3 Nc7 31. Be3 Kg7 32. Kf2 Qe8 33. Qd2 Qe7 34. Bd3 Nf6 35. Bxg5 hxg5 36. Qxg5+ Kf8 37. Qh6+ Ke8 38. g5 Ng8 39. Qh8 Qf8 40. f6 Ne7 41. Qxf8+ Kxf8 42. fxe7+ Kxe7 43. Rab3 a5 44. h4 f6 45. Kg3 Ne8 46. Kg4 fxg5 47. hxg5 Ng7 48. f4 exf4 49. Re1+ Kf7 50. Rf1 Re7 51. Rxf4+ Kg8 52. Bg6 Re1 53. Bf7+ Kf8 54. Be6+ Ke8 55. Rbf3 Rg1+ 56. Kh4 Nxe6 57. dxe6 Ke7 58. Rf7+ Kxe6 59. R7f6+ Ke5 60. R6f5+ Ke4 61. R5f4+ Ke5 62. Rf5+ Ke6 63. Rf6+ Kd7 64. Rf7+ Kc6 65. Rf8 Rxf8 66. Rxf8 Kd7 1-0